 Dungeon Crawl Stone Soup version 0.17.0-28-g6e173f8 (webtiles) character file.

91 plasmid the Sneak (level 4, -1/23 HPs)
             Began as a Vine Stalker Assassin on Nov 29, 2015.
             Slain by an ogre
             ... wielding a +0 giant club
              (11 damage)
             ... on level 3 of the Dungeon.
             The game lasted 00:23:15 (2081 turns).

plasmid the Sneak (Vine Stalker Assassin)           Turns: 2081, Time: 00:23:15

Health: -1/23      AC:  4    Str: 13    XL:     4   Next: 59%
Magic:  0/14       EV: 11    Int: 11    God:
Gold:   136        SH:  0    Dex: 17    Spells: 0 memorised, 3 levels left

rFire  . . .     SeeInvis .     a - +2 dagger
rCold  . . .     Clarity  .     c - +0 robe
rNeg   . . .     SustAt   .     (no shield)
rPois  .         Gourm    .     (no helmet)
rElec  .         Spirit   +     d - +0 cloak
rCorr  .         Warding  .     y - +0 pair of gloves
rMut   .         Stasis   .     (no boots)
MR     .....                    H - amulet of rage
Stlth  +++.......               (no ring)
                                u - ring of magical power

@: drained, not resistant to hostile enchantments, fairly stealthy
A: fangs 2, regeneration 1, magic shield, antimagic bite, no device heal 3, rot
immunity
a: Evoke Berserk Rage


You were on level 3 of the Dungeon.
You were not hungry.

You visited 1 branch of the dungeon, and saw 3 of its levels.

You collected 136 gold pieces.

Inventory:

Hand Weapons
 a - a +2 dagger (weapon)
 b - a +0 blowgun
 n - a +0 hunting sling
 t - a +0 hunting sling
 z - a +2 dagger of draining
 E - a +0 short sword
 F - a +0 hunting sling
 G - a +0 whip
Missiles
 e - 14 poisoned needles (quivered)
 f - 2 curare-tipped needles
 i - 144 stones
 w - 26 bolts
 A - 7 poisoned tomahawks
 B - 9 bolts of flame
Armour
 c - a +0 robe (worn)
 d - a +0 cloak (worn)
 s - a +0 leather armour
 v - a +0 leather armour
 y - a +0 pair of gloves (worn)
Jewellery
 u - a ring of magical power (left hand)
 H - an amulet of rage (around neck)
Scrolls
 m - 2 scrolls of immolation
 p - a scroll of enchant weapon {unknown}
 r - 2 scrolls of identify
Potions
 h - a potion of degeneration {unknown}
 j - a potion of flight {unknown}
 k - 5 potions of curing {unknown}
 q - a potion of haste {unknown}
 C - a potion of lignification {unknown}
Comestibles
 g - a bread ration
 l - 4 meat rations
 x - 2 beef jerkies


   Skills:
 + Level 2.5 Fighting
 + Level 2.4 Short Blades
 - Level 1.7 Throwing
 + Level 0.7(0.6) Dodging
 * Level 6.3 Stealth


You had 3 spell levels left.
You didn't know any spells.

Dungeon Overview and Level Annotations

Branches:
Dungeon (3/15)

Altars:


Innate Abilities, Weirdness & Mutations

You have extremely sharp teeth.
Your natural rate of healing is unusually fast.
When hurt, damage is shared between your health and your magic reserves.
Your bite disrupts and absorbs the magic of your enemies.
Potions and wands cannot restore your health.
You are immune to rotting.


Message History

Press: ? - help, Shift-Dir - straight line, f - ogre
Aim: an ogre, wielding a giant club (lightly wounded)
You toss away a poisoned needle.
The poisoned needle closely misses the ogre.
The ogre hits you with a giant club.
Tossing away (i - inventory. (,) - cycle):
e - 16 poisoned needles (quivered)
Press: ? - help, Shift-Dir - straight line, f/p - ogre
Aim: an ogre, wielding a giant club (lightly wounded)
You toss away a poisoned needle.
The poisoned needle barely misses the ogre.
The ogre closely misses you.
Tossing away (i - inventory. (,) - cycle):
e - 15 poisoned needles (quivered)
Press: ? - help, Shift-Dir - straight line, f/p - ogre
Aim: an ogre, wielding a giant club (lightly wounded)
You toss away a poisoned needle.
The poisoned needle barely misses the ogre.
The ogre hits you with a giant club!!
Ouch! That really hurt!
The ogre hits you with a giant club!
You die...

####'#########.#....[..##.#
.......# #...(..........#
.##....# #.##.##.###.#...
.##....# #.........# .
.##....# #..##.#####..
.##....# #............
.####### ##.##.#####.# .#
#O##.# .# #.@#.####### .#
##.#.......# .# #...#####.#
## ##..# ...>... #######.#
# ##


You could see an ogre.

Vanquished Creatures
  Natasha (thrice) (D:2)
  An adder (D:2)
  A shadow imp (D:3)
  An ooze (D:3)
  A worm (D:2)
  A giant gecko (D:1)
  A ball python (D:2)
  3 bats (D:1)
  A giant cockroach (D:3)
  2 hobgoblins (D:1)
  4 kobolds
  2 giant newts
  7 goblins
  7 rats
35 creatures vanquished.

Notes
Turn   | Place    | Note
--------------------------------------------------------------
     0 | D:1      | plasmid the Vine Stalker Assassin began the quest for the Orb.
     0 | D:1      | Reached XP level 1. HP: 11/11 MP: 2/2
    79 | D:1      | Reached skill level 5 in Stealth
   343 | D:1      | Reached XP level 2. HP: 10/15 MP: 3/3
   755 | D:2      | Reached XP level 3. HP: 18/18 MP: 4/4
  1127 | D:2      | Noticed Natasha
  1135 | D:2      | Killed Natasha
  1378 | D:2      | Reached XP level 4. HP: 23/23 MP: 5/5
  1440 | D:3      | Reached skill level 6 in Stealth
  1593 | D:2      | Noticed Natasha
  1595 | D:2      | Killed Natasha
  1612 | D:2      | Noticed Natasha
  1618 | D:2      | Killed Natasha
  2047 | D:3      | Noticed an ogre
  2081 | D:3      | Slain by an ogre

Action                   |  1- 3 |  4- 6 || total
-------------------------+-------+-------++-------
Melee: Dagger            |    52 |    30 ||    82
 Fire: Hunting sling     |       |     3 ||     3
Throw: Stone             |    13 |       ||    13
  Use: Scroll            |       |     5 ||     5
 Stab: Sleeping          |     9 |     2 ||    11
       Distracted        |       |     1 ||     1
  Eat: Bread ration      |     1 |       ||     1
